Map: 藍移 - 天梯版

Players

Has

  • Race: Protoss Protoss
  • League: Master
  • Spawn Location: 7:00

Aventador (Oliveira) - Winner!

  • Race: Terran Terran
  • League: Master
  • Spawn Location: 1:00

Event: IEM Season 13 - Katowice Server Qualifiers America

VOD

Have the link to the VOD?

Description

Time

  • Played on: Jan. 6, 2019, 5:02 p.m.
  • Length: 7:30

All games in this series

Show
View Real Time Build Order
Export as new Build Order

Has Protoss 

Build Orders: Phoenix Opening 

Get SALT Encoding   

  12  0:02  Probe  
  13  0:14  Probe  
  13  0:18  Pylon  
  14  0:25  Probe  
  15  0:33  Probe  
  15  0:37  Gateway  
  15  0:41  Probe  
  16  0:48  Assimilator  
  17  0:51  Probe  
  18  0:59  Probe  
  19  1:07  Probe  
  19  1:18  Assimilator  
  20  1:20  Probe  
  20  1:24  Cybernetics Core  
  21  1:29  Assimilator  
  21  1:48  Nexus  
  21  1:52  Adept  
  21  1:54  Pylon  
  23  2:12  Probe  
  23  2:16  Stargate  
  23  2:23  Adept  
  23  2:26  Probe  
  26  2:36  Warp Gate  
  26  2:38  Probe  
  27  2:51  Probe, Phoenix  
  28  2:52  Adept  
  30  3:01  Probe  
  30  3:03  Probe  
  32  3:13  Probe  
  32  3:15  Probe  
  32  3:18  Phoenix  
  32  3:25  Probe  
  35  3:30  Probe  
  36  3:39  Probe  
  37  3:42  Probe  
  38  3:51  Probe  
  38  3:53  Robotics Facility  
  38  3:54  Probe  
  40  3:58  Phoenix  
  41  4:03  Probe  
  41  4:08  Probe  
  43  4:14  Phoenix  
  43  4:15  Probe  
  43  4:20  Probe  
  46  4:26  Pylon  
  45  4:38  Probe  
  45  4:43  Probe, Phoenix  
  42  4:54  Immortal  
  42  4:58  Gateway  
  45  5:00  Gateway  
  45  5:03  Probe  
  46  5:14  Phoenix  
  48  5:23  Gateway  
  48  5:25  Gateway, Immortal  
  48  5:40  Pylon  
  52  5:48  Sentry  
  54  5:55  Warp Prism  
  54  6:07  Zealot x2  
  54  6:11  Pylon  
  60  6:13  Sentry  
  62  6:26  Pylon  
  62  6:28  Pylon  
  62  6:29  Zealot x2  
  62  6:30  Zealot x2  
  70  6:41  Pylon  
  70  6:46  Stalker  
  72  6:52  Zealot x3  
Show
View Real Time Build Order
Export as new Build Order

Aventador Terran - Winner!

Build Orders: Gas First Reaper Expand 

Get SALT Encoding   

  12  0:00  SCV  
  13  0:12  SCV  
  14  0:17  Supply Depot  
  14  0:25  SCV  
  15  0:29  Refinery  
  15  0:39  SCV  
  16  0:44  Barracks  
  16  0:51  SCV  
  17  1:03  SCV  
  18  1:15  SCV  
  19  1:32  Reaper, Orbital Command  
  20  1:47  Command Center  
  20  1:56  Factory  
  20  1:59  SCV  
  21  2:08  Barracks Reactor  
  21  2:11  SCV  
  21  2:14  Supply Depot  
  22  2:22  Barracks  
  22  2:23  SCV  
  23  2:36  SCV  
  24  2:39  Hellion  
  26  2:44  Marine x2  
  26  2:48  SCV  
  28  3:00  SCV  
  28  3:02  Marine x2, Factory Tech Lab  
  31  3:14  Barracks Tech Lab  
  31  3:18  SCV  
  31  3:22  Marine x2, Cyclone  
  31  3:24  Orbital Command  
  34  3:30  SCV  
  34  3:33  Marine  
  35  3:38  Refinery  
  35  3:40  Stimpack  
  35  3:41  Marine  
  36  3:42  Marine, SCV  
  38  3:50  SCV  
  38  3:51  Marine  
  38  3:55  SCV  
  41  3:59  Marine  
  41  4:00  Marine  
  41  4:02  SCV  
  44  4:06  Supply Depot  
  44  4:09  Marine  
  45  4:12  SCV  
  45  4:15  SCV  
  46  4:21  Supply Depot  
  46  4:27  Marine x3, Siege Tank  
  46  4:30  Engineering Bay  
  52  4:35  Starport  
  52  4:37  SCV  
  53  4:45  Marine x2, SCV  
  54  4:49  SCV  
  48  4:54  Marine  
  48  4:58  Terran Infantry Weapons Level 1  
  48  4:59  SCV  
  50  5:01  SCV  
  50  5:03  Marine x2, Widow Mine  
  50  5:04  Barracks  
  55  5:11  Marine, SCV  
  55  5:14  SCV  
  57  5:15  Starport Reactor  
  57  5:20  Marine  
  57  5:21  Supply Depot  
  58  5:23  SCV  
  58  5:24  Marine  
  58  5:25  Refinery  
  58  5:26  SCV  
  61  5:29  Marine  
  61  5:33  Siege Tank  
  61  5:35  SCV  
  62  5:37  Supply Depot  
  62  5:39  Refinery  
  62  5:42  Marine x2, SCV  
  65  5:45  Supply Depot  
  65  5:47  Marine, SCV  
  65  5:49  Combat Shield  
  67  5:56  SCV  
  66  5:59  Starport Reactor, SCV  
  66  6:00  Marine x2  
  66  6:01  Supply Depot  
  66  6:02  Marine x2  
  70  6:05  Marine  
  70  6:09  Siege Tank  
  74  6:15  Missile Turret  
  74  6:18  Marine x2, Missile Turret, SCV x2  
  78  6:20  Marine x2  
  78  6:23  Marine  
  80  6:35  Marine x2  
  80  6:37  Medivac x2  
  88  6:40  Marine  
  87  6:51  Marine, Widow Mine x2, Command Center  
  87  6:53  Marine x2  
  94  6:56  SCV  
  94  7:01  Marine  
  94  7:02  SCV  
  94  7:07  Command Center  
  82  7:09  Marine  
  82  7:11  Marine  

Tags
 
Add a new tag
Caveats
  • Supply blocks, unpowered buildings, or Contaminate may cause inaccurate times.
  • Supply counts are checked every 10 seconds.